 Dungeon Crawl Stone Soup version 0.30-a0-122-g2a1322497e (webtiles) character file.

Game seed: 586084905349956530

191 greasedhog the Trooper (level 5, 0/35 HPs)
             Began as a Gargoyle Cinder Acolyte on Sept 16, 2022.
             Was a High Priest of Ignis.
             Slain by an orc wizard
             ... wielding a +0 dagger
              (4 damage)
             ... on level 3 of the Dungeon.
             The game lasted 00:02:58 (3175 turns).

greasedhog the Trooper (Gargoyle Cinder Acolyte)    Turns: 3175, Time: 00:02:59

Health: 0/35       AC: 13    Str: 17    XL:     5   Next: 70%
Magic:  0/6        EV:  6    Int: 15    God:    Ignis [*****.]
Gold:   68         SH:  0    Dex:  7    Spells: 6/6 levels left

rFire   + . .      SeeInvis +    a - +0 mace (flame)
rCold   . . .      Faith    .    (no shield)
rNeg    + . .      Spirit   .    c - +0 chain mail
rPois   ∞          Reflect  .    (no helmet)
rElec   +          Harm     .    (no cloak)
rCorr   .          Rampage  .    l - +0 pair of gloves {infuse}
Will    .....                    (no boots)
Stlth   ..........               (no amulet)
HPRegen 0.11/turn                f - ring of see invisible
MPRegen 0.10/turn                (no ring)

@: no status effects
A: sickness immunity, AC +4, negative energy resistance 1, electricity
resistance, torment resistance 1, petrification resistance
a: Renounce Religion, Fiery Armour, Foxfire Swarm, Rising Flame


You were on level 3 of the Dungeon.
You worshipped Ignis.
Ignis was extremely pleased with you.
You visited 1 branch of the dungeon, and saw 4 of its levels.

You collected 120 gold pieces.
You spent 52 gold pieces at shops.

Inventory:

Hand Weapons
 a - a +0 mace of flaming (weapon)
Armour
 c - a +0 chain mail (worn)
 l - a +0 pair of gloves of infusion (worn)
Jewellery
 f - a ring of see invisible (left hand)
Wands
 e - a wand of digging (9)
 g - a wand of flame (9)
 k - a wand of light (29)
 m - a wand of iceblast (3)
Scrolls
 j - 2 scrolls of identify
 n - a scroll of magic mapping {unknown}
 p - a scroll of teleportation {unknown}
 q - a scroll of immolation {unknown}
Potions
 b - 2 potions of brilliance {unknown}
 d - 2 potions of flight {unknown}
 h - a potion of berserk rage {unknown}
 i - a potion of magic {unknown}
 o - 2 potions of mutation {unknown}
 r - a potion of heal wounds {unknown}
 s - a potion of lignification {unknown}


   Skills:
 - Level 5.0 Fighting
 * Level 4.8 Maces & Flails
 * Level 1.3 Armour
 - Level 1.0 Spellcasting
 - Level 3.0 Fire Magic


You had 6 spell levels left.
You didn't know any spells.
Your spell library contained the following spells:

 Spells                   Type           Power      Damage    Failure   Level
 Scorch                   Fire           18%        2d6       88%         2


Dungeon Overview and Level Annotations

Branches:
Dungeon (4/15)
 Temple: D:4-7

Altars:
Gozag
Xom

Shops:
D:1 !   D:2 ?


Innate Abilities, Weirdness & Mutations

You are immune to sickness and miasma.
Your stone body is resilient. (AC +4)
You are immune to poison.
You resist negative energy. (rN+)
You are resistant to electric shocks. (rElec)
You are resistant to unholy torment.
You are immune to petrification.


Message History

The orc wizard is heavily wounded.
The giant cockroach bites you but does no damage.
The orc hits you but does no damage.
The orc wizard hits you with a +0 dagger.
Unknown command.
The orc attacks as you move away! The orc barely misses you.
The orc wizard mumbles some strange words.
The orc wizard flickers and vanishes for a moment.
Things that are here:
a +0 dagger; a +0 robe You bump into the rock wall.
The giant cockroach bites you but does no damage.
The orc wizard casts a spell at you. The magic dart hits you.
The giant cockroach bites you but does no damage.
The giant cockroach attacks as you move away!
The giant cockroach closely misses you.
The orc wizard attacks as you move away!
The orc wizard hits you but does no damage.
You feel less confused.
You closely miss the orc wizard.
The orc wizard is heavily wounded.
The giant cockroach barely misses you. The orc wizard barely misses you.
You barely miss the orc wizard.
The orc wizard is heavily wounded.
The giant cockroach barely misses you. The orc hits you with a +0 club.
The orc wizard hits you but does no damage.
The giant cockroach bites you but does no damage.
You hit the orc wizard. You burn the orc wizard.
The orc wizard is severely wounded.
The orc wizard casts a spell at you. The puff of flame hits you. You resist.
* * * LOW HITPOINT WARNING * * *
The orc barely misses you.
The giant cockroach bites you but does no damage.
The orc attacks as you move away! The orc hits you with a +0 club.
* * * LOW HITPOINT WARNING * * *
The orc wizard attacks as you move away!
The orc wizard hits you with a +0 dagger.
You die...

#.....†.(.##......≈...
#....###........#.≈.≈≈
########..#######.≈.≈.
###......######..≈.≈.
#.....##.#.......≈.≈§
#.#.###..#.......≈.≈≈
##..##...........≈...
##.###..##.......§≈≈≈
##...@................
#...##oo...÷..........
#####)B......)...(###.
#>............# ##
#....÷........# #
#..........####
#..........#
##........##
##........##


You could see an orc wizard (invisible), an orc and a giant cockroach.

Vanquished Creatures
  Jessica (D:2)
  An orc wizard (D:3)
  3 gnolls (D:2)
  6 adders (D:3)
  2 orcs (D:3)
  4 bats (D:1)
  3 endoplasms (D:1)
  4 giant cockroaches
  5 goblins
  5 hobgoblins
  3 jackals (D:1)
  7 kobolds
  3 quokkas
  A ball python (D:2)
  3 frilled lizards
  8 rats
59 creatures vanquished.

Vanquished Creatures (others)
  A ghoul (D:1)
  A demonspawn (D:1)
  A draconian (D:1)
  An octopode (D:1)
  A merfolk (D:1)
  A spriggan (D:1)
  A formicid (D:1)
  A human (D:1)
  2 nagas (D:1)
  A dwarf (D:1)
  A tengu (D:1)
  4 tentacles (D:1)
16 creatures vanquished.

Grand Total: 75 creatures vanquished

Notes
Turn   | Place    | Note
-------+----------+-------------------------------------------
     0 | D:1      | greasedhog the Gargoyle Cinder Acolyte began the quest for
                  | the Orb.
     0 | D:1      | Reached XP level 1. HP: 14/14 MP: 2/2
     0 | D:1      | Noticed a naga
     0 | D:1      | Noticed a formicid
     0 | D:1      | Noticed a draconian
     0 | D:1      | Noticed an octopode
     0 | D:1      | Noticed a naga
     0 | D:1      | Noticed a human
     0 | D:1      | Noticed a demonspawn
     0 | D:1      | Noticed a kraken
     0 | D:1      | Noticed a ghoul
     0 | D:1      | Noticed a dwarf
     0 | D:1      | Noticed a tengu
     0 | D:1      | Noticed a spriggan
     0 | D:1      | Noticed a merfolk
     4 | D:1      | Killed a naga
     4 | D:1      | Killed a tengu
     5 | D:1      | Killed a human
     6 | D:1      | Killed a dwarf
     7 | D:1      | Killed a formicid
     8 | D:1      | Killed a draconian
     9 | D:1      | Killed a merfolk
     9 | D:1      | Killed a spriggan
    10 | D:1      | Killed an octopode
    11 | D:1      | Killed a naga
    12 | D:1      | Killed a demonspawn
    13 | D:1      | Killed a ghoul
   148 | D:1      | Reached XP level 2. HP: 10/19 MP: 3/3
   615 | D:1      | Reached XP level 3. HP: 24/24 MP: 4/4
   670 | D:1      | Reached skill level 4 in Fighting
   825 | D:1      | Found Decwethry's Distillery.
  1127 | D:2      | Noticed Jessica
  1133 | D:2      | Killed Jessica
  1134 | D:2      | Reached XP level 4. HP: 30/30 MP: 5/5
  1261 | D:2      | Found a shimmering altar of Xom.
  1370 | D:2      | Found a faded altar of an unknown god.
  1404 | D:2      | HP: 1/30 [gnoll/+0 spear (2)]
  1791 | D:2      | Found Soopp's Magic Scroll Boutique.
  1798 | D:2      | Bought 2 scrolls of identify for 52 gold pieces
  2500 | D:3      | Found an opulent altar of Gozag.
  2645 | D:3      | Reached XP level 5. HP: 34/34 MP: 2/6
  2759 | D:3      | Reached skill level 5 in Fighting
  3165 | D:3      | Reached skill level 1 in Armour
  3175 | D:3      | Slain by an orc wizard

Illustrated notes

Levels and vault maps discovered:
D:1:      nicolae_arrival_kraken_aquarium_a, layout_loops_ring, serial_shops,
          nicolae_shop_behind_doors, minmay_bisected
D:2:      layout_basic, ebering_ecumenical_altar_hall, basic_altar,
          serial_shops, shop, uniq_jessica
D:3:      layout_rooms, mainiacjoe_overflow_concentric_impassable
D:4:      layout_rooms, temple_pool_b, minmay_misc_feat_pillars, fountainhead

Skill      XL: |  1  2  3  4  5 |
---------------+----------------+-----
Fighting       | 4 5 |  5.0
Maces & Flails | 4 |  4.8
Armour         | 1 |  1.3
Spellcasting   | |  1.0
Fire Magic     | |  3.0

Action                   |  1- 3 |  4- 6 || total
-------------------------+-------+-------++-------
Melee: Mace              |    88 |    89 ||   177
       Punch             |     1 |     1 ||     2
  Use: Scroll            |     2 |     1 ||     3
Armor: Robe              |    14 |       ||    14
       Leather armour    |    32 |       ||    32
       Chain mail        |     8 |   102 ||   110
Dodge: Dodged            |    48 |    49 ||    97

Table legend: (Time is in decaauts)
 A = Elapsed time spent in this place.
 B = Non-inter-level travel time spent in this place.
 C = Inter-level travel time spent in this place.
 D = Time resting spent in this place.
 E = Time spent auto-exploring this place.
 F = Levels seen in this place.
 G = Mean time per level.
                   A        B        C        D        E       F      G
               +--------+--------+--------+--------+--------+-----+--------+
         Total |   3211 |   3031 |    180 |    285 |   2269 |   4 |  802.8 |
       Dungeon |   3211 |   3031 |    180 |    285 |   2269 |   4 |  802.8 |
               +--------+--------+--------+--------+--------+-----+--------+

Top non-repeatable levels by time:
     D:2: 1351 daAuts
     D:1: 1121 daAuts
     D:3: 728 daAuts
     D:4: 9 daAuts
